 Dungeon Crawl Stone Soup version 0.31.0-11-ge490571c62 (webtiles) character file.

Game seed: 4943869102263549926

66 qw the Shooter (level 3, -5/20 HPs)
             Began as a Deep Elf Hunter on Feb 4, 2024.
             Slain by Sigmund
             ... wielding a +0 scythe
              (9 damage)
             ... on level 2 of the Dungeon.
             The game lasted 00:00:48 (1020 turns).

qw the Shooter (Deep Elf Hunter)                    Turns: 1020, Time: 00:00:49

Health: -5/20      AC:  3    Str: 10    XL:     3   Next: 96%
Magic:  5/5        EV: 12    Int: 13    God:
Gold:   54         SH:  0    Dex: 18    Spells: 2/2 levels left

rFire   . . .        a - +0 shortbow
rCold   . . .        (shield currently unavailable)
rNeg    . . .        c - +0 leather armour
rPois   .            (no helmet)
rElec   .            (no cloak)
rCorr   .            (no gloves)
SInv    .            (no boots)
Will    .....        (no amulet)
Stlth   ++           (no ring)
HPRegen 0.23/turn    (no ring)
MPRegen 0.09/turn

%: no passive effects
@: hasted, very quick
A: no striking features
a: no special abilities


You were on level 2 of the Dungeon.
You visited 1 branch of the dungeon, and saw 2 of its levels.

You collected 54 gold pieces.


   Skills:
 - Level 1.5 Fighting
 + Level 7.4 Ranged Weapons
 - Level 2.4 Dodging
 - Level 1.2 Stealth


You had 2 spell levels left.
You didn't know any spells.
Your spell library was empty.

Inventory:

Hand Weapons
 a - a +0 shortbow (weapon)
Armour
 c - a +0 leather armour (worn)
Scrolls
 f - 2 scrolls of teleportation
Potions
 b - a potion of cancellation {unknown}
 d - a potion of haste
 e - a potion of lignification {unknown}

Dungeon Overview and Level Annotations

Branches:
Dungeon (2/15)

Altars:

Shops:
D:2 [

Annotations:
D:2 Sigmund


Message History

994 ||| FLEEEEING.
You start resting.
Sigmund is nearby!
996 ||| FLEEEEING.
997 ||| FLEEEEING.
You start resting.
Sigmund is nearby!
999 ||| FLEEEEING.
You start resting.
Sigmund is nearby!
1001 ||| FLEEEEING.
1002 ||| FLEEEEING.
You start resting.
Sigmund is nearby!
You shoot an arrow.
The arrow hits Sigmund but does no damage.
Sigmund is lightly wounded.
Sigmund points at you and mumbles some strange words.
The puff of flame misses you.
You shoot an arrow. The arrow closely misses Sigmund.
You shoot an arrow. The arrow closely misses Sigmund.
You shoot an arrow. The arrow hits Sigmund.
Sigmund is lightly wounded.
Sigmund closely misses you.
You shoot an arrow. The arrow hits Sigmund!
Sigmund is moderately wounded.
You shoot an arrow. The arrow hits Sigmund.
Sigmund is heavily wounded.
Sigmund casts a spell.
Sigmund flickers and vanishes!
Deactivating autopickup; reactivate with Ctrl-A.
You shoot an arrow. Something hits you.
You shoot an arrow. You shoot an arrow. Something hits you!
You shoot an arrow. You shoot an arrow. Something hits you!
You die...

.. ########.# .# #.#....#...###
#######.#######............. .
..................?.(......>.
#......##.########%..######..
#......##.#####..............
#......##.#......##.##.......
.####......##.#..............##..
...........##.#.@.....#.##.#.#...
...###....###.#.......#..<.#.#...
#..@.....{.......#.#..#.#...
#................#....#.#.%.
........)...........###.##.##.#
...#..............#.# #.#......
...#..............#.###.#####.#
@..............................
@...#.###................#####.#


There were no monsters in sight!

Vanquished Creatures
  3 adders (D:2)
  A ribbon worm (D:2)
  4 bats
  3 endoplasms
  A giant cockroach (D:2)
  A goblin (D:2)
  5 hobgoblins
  4 jackals (D:2)
  3 quokkas (D:1)
  3 ball pythons
  A frilled lizard (D:1)
  3 kobolds
  2 rats
34 creatures vanquished.

Notes
Turn   | Place    | Note
-------+----------+-------------------------------------------
     0 | D:1      | qw the Deep Elf Hunter began the quest for the Orb.
     0 | D:1      | Reached XP level 1. HP: 12/12 MP: 3/3
     0 | D:1      | 0 ||| qw: Version: 0.3-a-160-g6735b56
     0 | D:1      | 0 ||| qw: Game counter: 5871
     0 | D:1      | 0 ||| qw: Melee chars always use a shield: true
     0 | D:1      | 0 ||| qw: God list: Okawaru
     0 | D:1      | 0 ||| qw: Allow faded altars: false
     0 | D:1      | 0 ||| qw: Do Orc after clearing Dungeon:15 true
     0 | D:1      | 0 ||| qw: Do second Lair branch before Depths: true
     0 | D:1      | 0 ||| qw: Lair rune preference: random
     0 | D:1      | 0 ||| qw: Goals: Normal
     0 | D:1      | 0 ||| PLANNING D:1-11
   121 | D:1      | You fall into a shaft and drop 1 floor!
   121 | D:2      | Found Juriawipaq's Armour Boutique.
   124 | D:2      | 124 ||| SHOPLISTING +0 cloak (63 gold, have 0).
   124 | D:2      | 124 ||| SHOPLISTING +0 helmet (63 gold, have 0).
   124 | D:2      | 124 ||| SHOPLISTING +0 pair of boots (63 gold, have 0).
   124 | D:2      | 124 ||| SHOPLISTING +0 ring mail (56 gold, have 0).
   124 | D:2      | 124 ||| SHOPLISTING +2 pair of boots (231 gold, have 0).
   124 | D:2      | 124 ||| SHOPLISTING +2 ring mail of cold resistance (294
                  | gold, have 0).
   161 | D:2      | Reached skill level 6 in Ranged Weapons
   161 | D:2      | Reached XP level 2. HP: 12/16 MP: 4/4
   387 | D:2      | Reached XP level 3. HP: 20/20 MP: 5/5
   440 | D:2      | 440 ||| READING scroll labelled ENETID JUFOTO.
   440 | D:2      | 440 ||| IDENTIFYING gluggy blue potion
   441 | D:2      | 441 ||| READING 3 scrolls labelled MYOMUS FAJISINLU.
   449 | D:2      | Reached skill level 7 in Ranged Weapons
   459 | D:2      | 459 ||| DROPPING scroll of butterflies.
   890 | D:1      | 890 ||| READING scroll labelled NUSENGI XERO.
   985 | D:2      | Noticed Sigmund
   986 | D:2      | 986 ||| DRINKING 2 potions of haste.
   988 | D:2      | 988 ||| FLEEEEING.
   989 | D:2      | 989 ||| FLEEEEING.
   991 | D:2      | 991 ||| FLEEEEING.
   992 | D:2      | 992 ||| FLEEEEING.
   994 | D:2      | 994 ||| FLEEEEING.
   996 | D:2      | 996 ||| FLEEEEING.
   997 | D:2      | 997 ||| FLEEEEING.
   999 | D:2      | 999 ||| FLEEEEING.
  1001 | D:2      | 1001 ||| FLEEEEING.
  1002 | D:2      | 1002 ||| FLEEEEING.
  1018 | D:2      | HP: 4/20 [something (7)]
  1020 | D:2      | Slain by Sigmund

Levels and vault maps discovered:
D:1:      amcnicky_arrival_feature_with_door, layout_loops_ring
D:2:      layout_basic, serial_shops, nicolae_shop_competitors_out_of_business,
          uniq_sigmund

Skill      XL: |  1  2  3 |
---------------+----------+-----
Ranged Weapons | 6 7 |  7.4
Fighting       | |  1.5
Dodging        | |  2.4
Stealth        | |  1.2

Action                     || total
---------------------------++-------
   Fire: Shortbow          ||   108
    Use: Scroll            ||     3
         Potion            ||     1
 Armour: Leather armour    ||    20
  Dodge: Dodged            ||    24

Table legend:
 A = Non-vault XP
 B = Vault XP
 C = Vault XP percentage of total XP
 D = Non-vault monster count
 E = Vault monster count
 F = Vault count percentage of total count
                 A         B        C        D         E       F
            +---------+---------+-------+---------+---------+-------
      Total |      95 |       0 |   0.0 |      34 |       0 |   0.0
            +---------+---------+-------+---------+---------+-------
        D:1 |      26 |       0 |   0.0 |      15 |       0 |   0.0
        D:2 |      69 |       0 |   0.0 |      19 |       0 |   0.0
            +---------+---------+-------+---------+---------+-------
